[Event "Early-Titled-Tuesday-Blitz-May-07-2024"]
[Site "Chess.com"]
[Date "2024.05.07"]
[Round "1"]
[White "Zarinur"]
[Black "Gareth-Bale11"]
[Result "0-1"]
[WhiteElo "2513"]
[BlackElo "2928"]
[TimeControl "180+1"]
[EndTime "8:06:14 PDT"]
[Termination "Gareth-Bale11 won by resignation"]

1. e4 e5 2. Nf3 Nc6 3. Nc3 Nf6 4. Bb5 Bd6 5. d3 a6 6. Bc4 Bc5 7. h3 d6 8. O-O Na5 9. a3 Nxc4 10. dxc4 h6 11. b4 Ba7 12. c5 O-O 13. Be3 Be6 14. Qe2 Qe7 15. cxd6 cxd6 16. Rad1 Rfc8 17. Bxa7 Rxa7 18.
Qe3 b5 19. Ne1 Rac7 20. Ne2 Rc4 21. Ng3 R8c6 22. f4 exf4 23. Qxf4 d5 24. Nf3 Rc8 25. Ne5 Rxc2 26. exd5 Nxd5 27. Qe4 Qa7+ 28. Kh1 Qe3 29.
Rxd5 Qxe4 30. Nxe4 Bxd5 31. Nd6 Bxg2+ 0-1

[Event "Early-Titled-Tuesday-Blitz-May-07-2024"]
[Site "Chess.com"]
[Date "2024.05.07"]
[Round "1"]
[White "platy3"]
[Black "Payyappat"]
[Result "0-1"]
[WhiteElo "2864"]
[BlackElo "2508"]
[TimeControl "180+1"]
[EndTime "8:06:15 PDT"]
[Termination "Payyappat won by resignation"]

1. e4 c6 2. Nf3 d5 3. Nc3 dxe4 4. Nxe4 Nf6 5. Qe2 Nxe4 6. Qxe4 Nd7 7. Bc4 Nf6 8. Ne5 e6 9. Qe2 b5 10. Bb3 Qc7 11. O-O Bd6 12. d4 Bb7 13. a4 O-O 14. Bg5 Nd7 15. Nf3 a6 16. Rfe1 c5 17. axb5 axb5 18.
c3 Bxf3 19. Qxf3 Bxh2+ 20. Kh1 Rxa1 21. Rxa1 Bd6 22. Ra6 cxd4 23. Rc6 Ne5 24. Rxc7 Nxf3 25. Rc6 Nxg5 26. Rxd6 dxc3 27. bxc3 Ne4 28. Rc6 Nxf2+ 29. Kg1 Ne4 30. Bc2 Nf6 31. Bd3 g6 32. Bxb5 Ng4 33.
Rc4 Rb8 34. Rb4 Kf8 35. Be2 Rxb4 36. cxb4 Ne5 37. Kf2 Ke7 38. Ke3 Kd6 39. Kd4 f5 40. b5 Nd7 41. Kc4 e5 42. Kb4 Nb6 43. g3 g5 44. g4 f4 45. Bf3 Nd5+ 46. Kc4 Nf6 47.
Kd3 e4+ 48. Bxe4 Nxe4 49. Kxe4 Kc5 0-1

[Event "Early-Titled-Tuesday-Blitz-May-07-2024"]
[Site "Chess.com"]
[Date "2024.05.07"]
[Round "1"]
[White "talaicito"]
[Black "Ginger_GM"]
[Result "0-1"]
[WhiteElo "2378"]
[BlackElo "2672"]
[TimeControl "180+1"]
[EndTime "8:06:15 PDT"]
[Termination "Ginger_GM won on time"]

1. d4 e6 2. e4 b6 3. Bd3 Bb7 4. Qe2 d6 5. Nf3 Nd7 6. O-O g6 7. Bg5 Ne7 8. c4 Bg7 9. Nc3 h6 10. Be3 g5 11. Rfe1 O-O 12. Rad1 Ng6 13. Bb1 Qe7 14. h3 a6 15. Nh2 c5 16. Ng4 Rad8 17. d5 Nde5 18. Nxe5 Bxe5 19. Qh5 Kg7 20. g3 Qf6 21. Bd2 Bd4 22. Rf1 Ne5 23. Kg2 Nxc4 24. f4 gxf4 25. Rxf4 Qg6 26. Rg4 Nxd2 27. Rxd2 e5 28.
Re2 b5 29. Nd1 Bc8 30. Rxg6+ fxg6 31. Qf3 Bxh3+ 32. Kxh3 Rxf3 33. b3 Rdf8 0-1

[Event "Early-Titled-Tuesday-Blitz-May-07-2024"]
[Site "Chess.com"]
[Date "2024.05.07"]
[Round "1"]
[White "GMAneta"]
[Black "Kacparov"]
[Result "0-1"]
[WhiteElo "2506"]
[BlackElo "2916"]
[TimeControl "180+1"]
[EndTime "8:06:16 PDT"]
[Termination "Kacparov won by resignation"]

1. d4 Nf6 2. Nf3 e6 3. c4 b6 4. Nc3 Bb4 5. Qb3 Bxc3+ 6. Qxc3 Bb7 7. Bf4 O-O 8. e3 d6 9. Be2 Nbd7 10. O-O Qe7 11. b4 Rfe8 12. Rfc1 e5 13. Bg3 Ne4 14. Qc2 Nxg3 15. hxg3 exd4 16. Nxd4 g6 17. a3 a6 18. Bf3 Bxf3 19. gxf3 Ne5 20. Qe4 Qd7 21. c5 bxc5 22. bxc5 d5 23. Qc2 Rab8 24. c6 Qd6 25. Kg2 Rb6 26. Qc3 Reb8 27. f4 Ng4 28. a4 Nf6 29. Rc2 Ne4 30. Qd3 Rb2 31. Qxa6 Rxc2 32. Nxc2 Rb2 33. Rc1 Qc5 34. a5 Rxc2 35. Rxc2 Qxc2 0-1

[Event "Early-Titled-Tuesday-Blitz-May-07-2024"]
[Site "Chess.com"]
[Date "2024.05.07"]
[Round "1"]
[White "ubdip"]
[Black "kpio91"]
[Result "0-1"]
[WhiteElo "2486"]
[BlackElo "2864"]
[TimeControl "180+1"]
[EndTime "8:06:16 PDT"]
[Termination "kpio91 won by resignation"]

1. c4 e6 2. Nc3 d5 3. e3 Nf6 4.
Nf3 Be7 5. b3 b6 6. Bb2 Bb7 7.
d4 O-O 8. Bd3 a6 9. O-O Nbd7 10.
cxd5 exd5 11. Rc1 Re8 12. Qc2 Bd6 13. h3 Qe7 14. Rfd1 Ne4 15. Bf1 f5 16. Ne2 Rac8 17.
Nf4 Rf8 18. Nd3 c5 19. Qe2 c4 20. bxc4 dxc4 21. Nde5 b5 22. Nxd7 Qxd7 23. a4 Bd5 24. axb5 axb5 25. Nd2 Nxd2 26. Qxd2 b4 27. Ba1 c3 28.
Qe1 Qe6 29. Bd3 Rc7 30. Qe2 Be4 31. Bxe4 fxe4 32. Qb5 Rcf7 33. Rc2 Rf5 34. Qb7 Rg5 35. h4 Rxg2+ 36. Kxg2 Qg4+ 37. Kf1 Qxd1+ 38. Kg2 Qxc2 0-1

[Event "Early-Titled-Tuesday-Blitz-May-07-2024"]
[Site "Chess.com"]
[Date "2024.05.07"]
[Round "1"]
[White "Hananmo"]
[Black "Msb2"]
[Result "0-1"]
[WhiteElo "2530"]
[BlackElo "3037"]
[TimeControl "180+1"]
[EndTime "8:06:17 PDT"]
[Termination "Msb2 won by resignation"]

1. e4 e6 2. Qe2 c5 3. d3 Nc6 4. g3 g6 5. Bg2 Bg7 6. Nf3 Nge7 7. O-O O-O 8. Nc3 d6 9. Be3 Rb8 10.
Rad1 b5 11. d4 b4 12. Nb1 Qa5 13. Rfe1 Ba6 14. Qd2 cxd4 15. Nxd4 Qxa2 16. Nxc6 Nxc6 17. Qxd6 Bb5 18. c4 Ba4 19. Rd2 Qxc4 20. Bf1 Qb3 21. Rc1 Ne5 22. Kg2 Bb5 23. Bxb5 Rxb5 24. Qc7 Rbb8 25.
Qxa7 Nc4 26. Re2 Nxb2 27. Rc7 Qd3 28. Rxf7 Rxf7 29. Qxb8+ Rf8 30. Qxb4 Qxe2 0-1

[Event "Early-Titled-Tuesday-Blitz-May-07-2024"]
[Site "Chess.com"]
[Date "2024.05.07"]
[Round "1"]
[White "Rosh1610"]
[Black "Mops_2004"]
[Result "0-1"]
[WhiteElo "2471"]
[BlackElo "2837"]
[TimeControl "180+1"]
[EndTime "8:06:18 PDT"]
[Termination "Mops_2004 won by resignation"]

1. e4 g6 2. d4 Bg7 3. Nc3 d6 4. f4 Nf6 5. Nf3 c5 6. dxc5 Qa5 7. Bd3 Qxc5 8. Qe2 O-O 9. Be3 Qa5 10. O-O Bg4 11.
h3 Bxf3 12. Qxf3 Nc6 13. Rae1 Nd7 14. Bd2 Qb6+ 15. Kh1 Qxb2 16. Rb1 Qa3 17. Rb3 Qa5 18. Rb5 Qc7 19. Nd5 Qc8 20. e5 e6 21. Nc3 Nd4 22.
Qe4 Nxb5 23. Nxb5 dxe5 24. Bb4 Nc5 25. Qe3 b6 26. fxe5 Qc6 27. Nd6 Qd5 28. Bc3 Nxd3 29. cxd3 f6 30. exf6 Qxd6 31. Be5 Qd5 32. Qe2 Rf7 33.
fxg7 Rxf1+ 34. Qxf1 Qxe5 35. Qf3 Rd8 36. d4 Qxg7 37.
Qe4 Qf6 38. d5 exd5 39. Qe3 d4 0-1

[Event "Early-Titled-Tuesday-Blitz-May-07-2024"]
[Site "Chess.com"]
[Date "2024.05.07"]
[Round "1"]
[White "Zampronha1971"]
[Black "WhiteKnight2612"]
[Result "0-1"]
[WhiteElo "2465"]
[BlackElo "2823"]
[TimeControl "180+1"]
[EndTime "8:06:20 PDT"]
[Termination "WhiteKnight2612 won on time"]

1. e4 c5 2. Nf3 Nc6 3. d4 cxd4 4. Nxd4 e5 5. Nb5 Nf6 6. N1c3 Qa5 7. Bd2 Qb6 8. Be3 Qa5 9. Bd2 Qd8 10. Bg5 Bc5 11. Nd6+ Kf8 12. Bc4 Qb6 13. O-O Na5 14. Nxf7 Nxc4 15. Nxh8 Bd4 16. Nd5 Qe6 17. Bxf6 gxf6 18.
Nc7 Qg8 19. Nxa8 d6 20. c3 Bg4 0-1

[Event "Early-Titled-Tuesday-Blitz-May-07-2024"]
[Site "Chess.com"]
[Date "2024.05.07"]
[Round "1"]
[White "Ruslan_Kurayan"]
[Black "leschebaza"]
[Result "1-0"]
[WhiteElo "2623"]
[BlackElo "2318"]
[TimeControl "180+1"]
[EndTime "8:06:21 PDT"]
[Termination "Ruslan_Kurayan won on time"]

1. e4 e6 2. d3 d5 3. Nd2 Nf6 4. Ngf3 c5 5. g3 Nc6 6. Bg2 Be7 7. O-O O-O 8. Re1 b5 9. e5 Nd7 10. Nf1 Qc7 11. Bf4 a5 12. h4 Ba6 13. h5 h6 14.
Ne3 Nd4 15. Nxd4 cxd4 16. Nxd5 exd5 17. Qg4 Qb6 18. Qxd7 Ra7 19. Qg4 Bc8 20. Qe2 Be6 21. Qd2 Rc7 22. Rac1 Rfc8 23. Bxh6 gxh6 24. Qxh6 Rxc2 25.
Rxc2 Rxc2 26. Bxd5 Rxb2 27. Be4 Qd8 28. Bh7+ 1-0

[Event "Early-Titled-Tuesday-Blitz-May-07-2024"]
[Site "Chess.com"]
[Date "2024.05.07"]
[Round "1"]
[White "HSH1987"]
[Black "andrzej"]
[Result "1-0"]
[WhiteElo "2800"]
[BlackElo "2447"]
[TimeControl "180+1"]
[EndTime "8:06:22 PDT"]
[Termination "HSH1987 won by resignation"]

1. Nf3 d5 2. g3 c5 3. Bg2 Nc6 4. O-O e5 5. d3 Be7 6. e4 d4 7. a4 h5 8. h4 Nf6 9. Na3 Ng4 10. Nc4 f6 11. Nh2 Be6 12. Nxg4 hxg4 13. f3 gxf3 14. Bxf3 g6 15. Bg4 Qd7 16. Bxe6 Qxe6 17. Qf3 Nb4 18.
Rf2 O-O-O 19. Bd2 Nxc2 20. Rc1 Ne3 21. Bxe3 dxe3 22. Nxe3 Rxd3 23. Qe2 Rd4 24. Nd5 Kb8 25. b3 Bd8 26. Rxc5 Bb6 27. Nxb6 Qxb6 28. Rb5 Qd6 29. Qf3 a6 30. Rd5 Rxd5 31. exd5 f5 32. Rd2 e4 33.
Qe3 Rd8 34. Kg2 Qe5 35. Qc5 e3 36. Re2 f4 37. gxf4 Qe4+ 38. Kg3 Rxd5 39. Rxe3 Rxc5 40. Rxe4 Rc3+ 41. Kg4 Rxb3 42. Re6 Rb4 43. a5 Rb5 44. Rxg6 Rxa5 45. h5 Ra1 46. h6 Rh1 47. Kg5 a5 48. f5 a4 49. f6 a3 50. f7 Rf1 51. h7 a2 52. h8=Q+ Ka7 53. Qd4+ Kb8 54. Rg8+ Kc7 55. f8=Q 1-0

[Event "Early-Titled-Tuesday-Blitz-May-07-2024"]
[Site "Chess.com"]
[Date "2024.05.07"]
[Round "1"]
[White "Mikhail_Golubev"]
[Black "kyawmyataung2005"]
[Result "1-0"]
[WhiteElo "2618"]
[BlackElo "2295"]
[TimeControl "180+1"]
[EndTime "8:06:22 PDT"]
[Termination "Mikhail_Golubev won by resignation"]

1. e4 e5 2. Nf3 Nc6 3. Bc4 Bc5 4. c3 Nf6 5. d3 a5 6. Nbd2 d6 7. Bb3 O-O 8. O-O Be6 9. h3 Bxb3 10. Qxb3 Bb6 11. a4 Qd7 12. Nc4 Bc5 13. Be3 Rfe8 14. Rad1 Bxe3 15. Nxe3 b6 16. Rfe1 Nh5 17. d4 Qc8 18.
Nf5 Nf4 19. Ng5 Nd8 20. dxe5 Rxe5 21. g3 Nfe6 22. Ne7+ Kf8 23. Nxc8 Rxc8 24. Nxe6+ Nxe6 25. f4 Nc5 26. Qc4 Re7 27. Re2 Rce8 28. Rde1 Nd7 29. b4 1-0

[Event "Early-Titled-Tuesday-Blitz-May-07-2024"]
[Site "Chess.com"]
[Date "2024.05.07"]
[Round "1"]
[White "ReinisUz"]
[Black "CarlosjPineror"]
[Result "0-1"]
[WhiteElo "2414"]
[BlackElo "2726"]
[TimeControl "180+1"]
[EndTime "8:06:23 PDT"]
[Termination "CarlosjPineror won by resignation"]

1. e4 c5 2. Nf3 e6 3. d4 cxd4 4. Nxd4 a6 5. Nc3 Qc7 6. Be3 Nf6 7. Be2 Bb4 8. O-O Bxc3 9. bxc3 Nxe4 10. Qd3 d5 11. c4 Nc6 12. cxd5 exd5 13. Bf3 Ne5 14. Qb3 Nxf3+ 15. Nxf3 Be6 16. Nd4 O-O 17. a4 Rac8 18. Rab1 Bd7 19. Qxb7 Qxb7 20. Rxb7 Bxa4 21. Ra1 Bxc2 22.
Rxa6 Nc5 23. Raa7 Nxb7 24. Rxb7 Rfe8 25. h3 h5 26. Rd7 Be4 27. Nb5 Red8 28. Re7 f6 29. Nd4 h4 30. Kh2 Re8 31. Ra7 Ra8 32. Rc7 Ra1 33. Bf4 Rd1 34. Be3 Ra8 35. Ne6 Raa1 36.
Rxg7+ Kh8 0-1

[Event "Early-Titled-Tuesday-Blitz-May-07-2024"]
[Site "Chess.com"]
[Date "2024.05.07"]
[Round "1"]
[White "LikeWater"]
[Black "rikchessmx"]
[Result "1-0"]
[WhiteElo "2692"]
[BlackElo "2392"]
[TimeControl "180+1"]
[EndTime "8:06:23 PDT"]
[Termination "LikeWater won by checkmate"]

1. e4 c5 2. Nf3 e6 3. d4 cxd4 4. Nxd4 a6 5. g3 h5 6. Bg2 h4 7. O-O hxg3 8. hxg3 Bc5 9. Be3 Qc7 10. c4 Nf6 11.
Nc3 d6 12. Rc1 Nbd7 13. a3 Ba7 14. Ndb5 axb5 15. Nxb5 Qb8 16. Nxd6+ Ke7 17. c5 Ne5 18. b4 Bd7 19. Bg5 Kf8 20. f4 Neg4 21. Qd4 Bc6 22. e5 Nd5 23. f5 exf5 24. Bxd5 f6 25. Rxf5 Nxe5 26. Qxe5 Bd7 27. Rxf6+ gxf6 28. Qxf6# 1-0

[Event "Early-Titled-Tuesday-Blitz-May-07-2024"]
[Site "Chess.com"]
[Date "2024.05.07"]
[Round "1"]
[White "konradrutkowski"]
[Black "Sanyura"]
[Result "1-0"]
[WhiteElo "2422"]
[BlackElo "2615"]
[TimeControl "180+1"]
[EndTime "8:06:23 PDT"]
[Termination "konradrutkowski won by resignation"]

1. e4 c5 2. Nf3 e6 3. d3 d5 4.
Qe2 Nc6 5. g3 Nge7 6. Bg2 g6 7.
O-O Bg7 8. e5 Qc7 9. Re1 h6 10.
h4 g5 11. hxg5 hxg5 12. Bxg5 Ng6 13. Bf6 Bxf6 14. exf6 Qd8 15. Nc3 Kf8 16. Rad1 Qxf6 17. d4 cxd4 18. Nb5 e5 19. Nc7 e4 20. Nxd5 exf3 21. Qe8+ Kg7 22. Nxf6 Rxe8 23. Nxe8+ Kf8 24. Bxf3 Nce5 25. Bg2 Bg4 26. Rxd4 Rxe8 27. Re3 Rc8 28. c3 b6 29. f4 Nc6 30. Rc4 Bd7 31. Rd3 Ke8 32. Rxd7 Kxd7 33. Bh3+ Kd8 34. Bxc8 Na5 35. Ba6 Nxc4 36. Bxc4 Ke7 37. Kf2 Nf8 38. Ke3 Nd7 39. g4 f6 40. g5 fxg5 41. fxg5 Ne5 42. Be2 Nf7 43. Kf4 Ke6 44. Bc4+ 1-0

[Event "Early-Titled-Tuesday-Blitz-May-07-2024"]
[Site "Chess.com"]
[Date "2024.05.07"]
[Round "1"]
[White "rhungaski"]
[Black "Polish_fighter3000"]
[Result "0-1"]
[WhiteElo "2539"]
[BlackElo "3096"]
[TimeControl "180+1"]
[EndTime "8:06:25 PDT"]
[Termination "Polish_fighter3000 won on time"]

1. b3 e5 2. Bb2 f6 3. c4 c6 4. d4 Bb4+ 5. Bc3 a5 6. a3 Bxc3+ 7. Nxc3 d6 8. e3 Nh6 9. Bd3 O-O 10. Qc2 f5 11.
dxe5 dxe5 12. c5 Be6 13. Na4 Qg5 14. g3 Nd7 15. Bc4 Rae8 16. O-O-O Qe7 17. Nf3 e4 18.
Bxe6+ Qxe6 19. Ng5 Qe7 20. h4 Ne5 21. Rd6 b5 22.
Nb6 Nhg4 23. Kb1 Rf6 24. Re6 Rxe6 0-1

[Event "Early-Titled-Tuesday-Blitz-May-07-2024"]
[Site "Chess.com"]
[Date "2024.05.07"]
[Round "1"]
[White "InitiatingASC"]
[Black "wqws"]
[Result "0-1"]
[WhiteElo "2388"]
[BlackElo "2691"]
[TimeControl "180+1"]
[EndTime "8:06:25 PDT"]
[Termination "wqws won by resignation"]

1. d4 Nf6 2. c4 g6 3. Nc3 Bg7 4. e4 d6 5. Nf3 O-O 6. Be2 e5 7.
h3 Nc6 8. d5 Ne7 9. Be3 Nh5 10.
g4 Nf4 11. Qd2 f5 12. gxf5 gxf5 13. O-O-O fxe4 14. Nxe4 Neg6 15. h4 Bg4 16. Ng1 Nxe2+ 17. Nxe2 Bf3 18. N2g3 Bxh1 19. Rxh1 Nf4 20. Ng5 Qe7 21.
Qc2 e4 22. Qxe4 Qxe4 23. N3xe4 Rae8 24. Ng3 h6 25. N5e4 Nd3+ 26. Kc2 Nxb2 27. Rg1 Nxc4 28. Bxh6 Bxh6 29. Nf5+ Kh7 30. Nxh6 Rxe4 0-1

[Event "Early-Titled-Tuesday-Blitz-May-07-2024"]
[Site "Chess.com"]
[Date "2024.05.07"]
[Round "1"]
[White "mary-sanna"]
[Black "VacheH009"]
[Result "0-1"]
[WhiteElo "2228"]
[BlackElo "2585"]
[TimeControl "180+1"]
[EndTime "8:06:26 PDT"]
[Termination "VacheH009 won on time"]

1. d4 Nf6 2. Nc3 d5 3. Bf4 a6 4. e3 e6 5. a3 Bd6 6. Nf3 Bxf4 7. exf4 Qd6 8. Ne5 O-O 9. Bd3 c5 10. dxc5 Qxc5 11. O-O b5 12. Qe2 Nc6 13. Rad1 Bb7 14. Rfe1 Rad8 15. f5 d4 16. Nxc6 Qxc6 17. Ne4 exf5 18.
Nxf6+ Qxf6 19. Qe7 Qxe7 20. Rxe7 Bc8 21. Rde1 Be6 22.
Ra7 Rd6 23. g3 g6 24. Bf1 Rc8 25. Re2 Rdc6 26. Rd2 Rxc2 27. Rxd4 Rxb2 28. Rxa6 Rc1 29. Kg2 Rcc2 0-1

[Event "Early-Titled-Tuesday-Blitz-May-07-2024"]
[Site "Chess.com"]
[Date "2024.05.07"]
[Round "1"]
[White "N18player"]
[Black "pfalcon1949"]
[Result "1-0"]
[WhiteElo "2550"]
[BlackElo "1943"]
[TimeControl "180+1"]
[EndTime "8:06:28 PDT"]
[Termination "N18player won on time"]

1. c4 Nf6 2. b3 e6 3. Bb2 d5 4. e3 Be7 5. Nf3 O-O 6. Nc3 b6 7. cxd5 exd5 8. Be2 Bb7 9. O-O Nbd7 10. Rc1 a6 11. d3 Re8 12. Re1 Bd6 13. Bf1 Rc8 14. h3 Qe7 15. Nd4 g6 16. e4 dxe4 17. Nxe4 Nxe4 18. dxe4 Qe5 19. g3 Qg5 20. Bg2 Nc5 21.
Nf3 Qe7 22. e5 Bxf3 23. Qxf3 Ne6 24. exd6 cxd6 25. Bf6 Qd7 26. Rxc8 Rxc8 27. Qe3 1-0

[Event "Early-Titled-Tuesday-Blitz-May-07-2024"]
[Site "Chess.com"]
[Date "2024.05.07"]
[Round "1"]
[White "ATM622"]
[Black "severomorskij"]
[Result "0-1"]
[WhiteElo "2488"]
[BlackElo "2877"]
[TimeControl "180+1"]
[EndTime "8:06:29 PDT"]
[Termination "severomorskij won by resignation"]

1. d4 Nf6 2. c4 c5 3. d5 b5 4.
cxb5 a6 5. e3 g6 6. Nf3 Bg7 7.
Nc3 O-O 8. a4 e6 9. Bc4 axb5 10.
Bxb5 exd5 11. Nxd5 Bb7 12. Nxf6+ Qxf6 13. O-O d5 14. Rb1 Na6 15. b3 Rfd8 16. Bb2 d4 17. exd4 cxd4 18. Nxd4 Qb6 19. a5 Qa7 20. Qg4 Bxd4 21.
Ba3 Nc5 22. b4 Ne4 23. Qh4 Nd2 24. Qe7 Nxb1 25. Rxb1 Bxf2+ 26. Kh1 Bxg2+ 0-1

[Event "Early-Titled-Tuesday-Blitz-May-07-2024"]
[Site "Chess.com"]
[Date "2024.05.07"]
[Round "1"]
[White "Nitzan_Steinberg"]
[Black "Strong_Prodigy"]
[Result "1-0"]
[WhiteElo "2923"]
[BlackElo "2510"]
[TimeControl "180+1"]
[EndTime "8:06:30 PDT"]
[Termination "Nitzan_Steinberg won by checkmate"]

1. e4 e5 2. Nf3 Nc6 3. Bb5 Nf6 4. O-O Nxe4 5. Re1 Nd6 6. a4 Be7 7. Nc3 O-O 8. d4 e4 9. Nxe4 Nxe4 10. Rxe4 d5 11. Re1 Bg4 12. Be2 Bf6 13. c3 Re8 14. Bf4 Qd7 15. h3 Bh5 16. Qd2 Na5 17. Qd1 Nc4 18.
b3 Nd6 19. Ne5 Bxe5 20. dxe5 Bxe2 21. Rxe2 Qe6 22. Qd3 Ne4 23. Rd1 c6 24. c4 Rad8 25. Rxe4 Qf5 26. Rd4 Qe6 27. cxd5 cxd5 28. Rxd5 Rxd5 29.
Qxd5 Qxd5 30. Rxd5 Rc8 31. Rd7 g6 32. Rxb7 Rc2 33.
Bh6 Rc8 34. Kh2 Rb8 35. Rxb8# 1-0

[Event "Early-Titled-Tuesday-Blitz-May-07-2024"]
[Site "Chess.com"]
[Date "2024.05.07"]
[Round "1"]
[White "Mischuk_D"]
[Black "UK_23"]
[Result "1-0"]
[WhiteElo "2805"]
[BlackElo "2453"]
[TimeControl "180+1"]
[EndTime "8:06:30 PDT"]
[Termination "Mischuk_D won by resignation"]

1. d4 Nf6 2. c4 c5 3. d5 e6 4. Nc3 exd5 5. cxd5 d6 6. Nf3 g6 7. Bf4 Bg7 8. h3 O-O 9. e3 a6 10. a4 Re8 11. Bd3 Qc7 12. Nd2 Nbd7 13. Nc4 Ne5 14. Bxe5 dxe5 15. a5 e4 16. Be2 Bf5 17.
d6 Qc6 18. Qa4 Qxa4 19. Nxa4 Nd5 20. Rd1 Nb4 21. Nxc5 Rec8 22. d7 Rxc5 23. d8=Q+ Rxd8 24. Rxd8+ Bf8 25. O-O Kg7 26. b3 Be7 27. Re8 Bf6 28. Rd1 Be6 29. Rd6 Na2 30. Rdxe6 fxe6 31. Rxe6 Rb5 32. Bd1 Nc3 33. Bc2 Kf7 34. Rd6 Be7 35. Rd2 Bb4 36. Rd7+ Kg8 37. g3 Bxa5 38. Nxa5 Rxa5 39.
Rc7 Nd5 40. Rxb7 Nf6 41. b4 Ra2 42. Bb3+ 1-0

[Event "Early-Titled-Tuesday-Blitz-May-07-2024"]
[Site "Chess.com"]
[Date "2024.05.07"]
[Round "1"]
[White "HanSchut"]
[Black "Vahe_Danielyan"]
[Result "0-1"]
[WhiteElo "2360"]
[BlackElo "2655"]
[TimeControl "180+1"]
[EndTime "8:06:30 PDT"]
[Termination "Vahe_Danielyan won by resignation"]

1. e4 e5 2. Nf3 Nc6 3. Bc4 Nf6 4.
d4 exd4 5. e5 d5 6. Bb5 Ne4 7.
Nxd4 Bd7 8. Bxc6 bxc6 9. O-O Be7 10. f3 Nc5 11. f4 O-O 12. f5 Bg5 13. Nc3 Ne4 14.
Nxe4 dxe4 15. Qh5 Bxc1 16. Raxc1 f6 17. Rcd1 Qe7 18. e6 Be8 19. Qg4 c5 20. Ne2 Bc6 21.
Nf4 Rad8 22. Rxd8 Rxd8 23. Rd1 Rxd1+ 24. Qxd1 Qd6 25. Qxd6 cxd6 26. c4 g6 27. g4 gxf5 28. gxf5 e3 29. Kf1 Be4 30. Nd5 Kg7 31. Nc7 Kf8 32.
Nd5 Bxf5 33. e7+ Kf7 34. e8=Q+ Kxe8 35. Nxf6+ Kf7 36. Nd5 Bd3+ 37. Ke1 Bxc4 38. Nxe3 Bxa2 39. b3 d5 40. Nxd5 Bxb3 0-1

[Event "Early-Titled-Tuesday-Blitz-May-07-2024"]
[Site "Chess.com"]
[Date "2024.05.07"]
[Round "1"]
[White "NFChess13"]
[Black "Doublekk14"]
[Result "1-0"]
[WhiteElo "2647"]
[BlackElo "2348"]
[TimeControl "180+1"]
[EndTime "8:06:30 PDT"]
[Termination "NFChess13 won on time"]

1. b3 Nf6 2. Bb2 e6 3. g3 Be7 4. Bg2 d5 5. Nf3 O-O 6. c4 c6 7.
O-O Nbd7 8. d4 Ne4 9. a4 a5 10.
Ba3 Bxa3 11. Nxa3 Qe7 12. Nc2 f5 13. Qd3 Ndf6 14. Ne5 Nd7 15. Nf3 Ndf6 16. Rfb1 b6 17. Ne5 Bb7 18. b4 axb4 19. Rxb4 Qc7 20. Rab1 Ra6 21. c5 Rfa8 22. cxb6 Qd6 23. Ra1 Qd8 24. Qb3 Nd6 25. e3 Nfe4 26. Bf1 Nd2 27. Qb2 Nxf1 28.
Kxf1 Ne4 29. Nd3 Nd2+ 30. Kg2 Ne4 31. f3 Nd6 32. Nc5 Ra5 33. Ne1 Qe7 34. Ned3 Nc4 35. Qc1 g6 36. Rxc4 Kf7 37. Ne5+ 1-0

[Event "Early-Titled-Tuesday-Blitz-May-07-2024"]
[Site "Chess.com"]
[Date "2024.05.07"]
[Round "1"]
[White "Antosha_Chekhonte"]
[Black "martinmena"]
[Result "1-0"]
[WhiteElo "2561"]
[BlackElo "2108"]
[TimeControl "180+1"]
[EndTime "8:06:35 PDT"]
[Termination "Antosha_Chekhonte won on time"]

1. e4 c6 2. d4 d5 3. e5 Bf5 4.
h4 h5 5. Bd3 Bxd3 6. Qxd3 e6 7.
Bg5 Qa5+ 8. Nd2 Qa6 9. c4 Bb4 10. b3 Ne7 11. Ne2 Nf5 12. O-O Nd7 13. Nf3 Be7 14.
Ng3 g6 15. a4 Bxg5 16. Nxf5 gxf5 17. Nxg5 c5 18. Rfc1 b6 19. Qf3 Qb7 20. Rd1 cxd4 21. cxd5 Qxd5 22. Qxd5 exd5 23. Rxd4 Nxe5 24. Rxd5 f6 25.
f4 Nf7 26. Re1+ Kf8 27. Ne6+ Kg8 28. Re3 Kh7 29. Rd7 Rhf8 30. Rg3 1-0

[Event "Early-Titled-Tuesday-Blitz-May-07-2024"]
[Site "Chess.com"]
[Date "2024.05.07"]
[Round "1"]
[White "SchmakAttack"]
[Black "Jojo_898"]
[Result "1-0"]
[WhiteElo "2772"]
[BlackElo "2439"]
[TimeControl "180+1"]
[EndTime "8:06:38 PDT"]
[Termination "SchmakAttack won by resignation"]

1. Nf3 d6 2. d4 Nf6 3. g3 g6 4. Bg2 Bg7 5. O-O O-O 6. Nc3 Nbd7 7. e4 e5 8. h3 exd4 9. Nxd4 Nc5 10. Bf4 Re8 11.
Re1 Ne6 12. Be3 Nc5 13. f3 Bd7 14. Qd2 Qc8 15. Kh2 Nh5 16. Rad1 Be5 17. f4 Bg7 18. Bf2 Nf6 19. e5 dxe5 20. fxe5 Nh5 21. Nf3 Bf8 22. Bxc5 Bxc5 23. Qxd7 Bf2 24. Rf1 Bxg3+ 25. Kg1 Nf4 26. Ne4 Ne2+ 27. Kh1 Qxd7 28. Rxd7 Bxe5 29. Nxe5 Rxe5 30.
Rfxf7 Rxe4 31. Rg7+ Kf8 32. Rdf7+ Ke8 33. Bxe4 Ng3+ 34.
Kg2 Nxe4 35. Re7+ Kf8 36. Rgf7+ Kg8 37. Rg7+ Kf8 38. Rxh7 Nf6 39. Rhf7+ Kg8 40. Rxf6 1-0

[Event "Early-Titled-Tuesday-Blitz-May-07-2024"]
[Site "Chess.com"]
[Date "2024.05.07"]
[Round "1"]
[White "el_sporco"]
[Black "Goryachkina"]
[Result "0-1"]
[WhiteElo "2402"]
[BlackElo "2700"]
[TimeControl "180+1"]
[EndTime "8:06:38 PDT"]
[Termination "Goryachkina won by checkmate"]

1. e4 c5 2. Nf3 Nc6 3. Bb5 e6 4. O-O Nge7 5. Re1 Ng6 6. c3 Be7 7. d4 cxd4 8. cxd4 d5 9. Nc3 O-O 10.
Bd3 dxe4 11. Bxe4 Bd7 12. d5 exd5 13. Nxd5 Bc5 14. Bg5 f6 15. Be3 Bxe3 16. Rxe3 f5 17.
Bc2 Kh8 18. Bb3 f4 19. Rd3 Bf5 20. Rd2 Nh4 21. Kh1 Bg4 22. Ne3 fxe3 23. Rxd8 Raxd8 24. Qxd8 Nxd8 25. Nxh4 exf2 26. Bc4 g5 27. Nf3 Rxf3 28.
gxf3 Bxf3# 0-1

[Event "Early-Titled-Tuesday-Blitz-May-07-2024"]
[Site "Chess.com"]
[Date "2024.05.07"]
[Round "1"]
[White "GM_dmitrij"]
[Black "Truequitos"]
[Result "1-0"]
[WhiteElo "3052"]
[BlackElo "2531"]
[TimeControl "180+1"]
[EndTime "8:06:39 PDT"]
[Termination "GM_dmitrij won by resignation"]

1. d4 d5 2. Nf3 Nf6 3. Bf4 c5 4. e3 Nc6 5. Nbd2 cxd4 6. exd4 Bf5 7. Bb5 e6 8. c4 a6 9. Bxc6+ bxc6 10. Qa4 Qb6 11.
O-O Be7 12. Ne5 Rc8 13. cxd5 Nxd5 14. Bg3 O-O 15. Ndc4 Qxd4 16. Nxc6 Rxc6 17. Qxc6 Nb4 18. Qc7 Nd5 19. Qc6 Nb4 20. Qb7 Re8 21. b3 Be4 22.
Qc7 Nd5 23. Qe5 Bf6 24. Qxd4 Bxd4 25. Nd6 Bxa1 26. Rxa1 Nf6 27. Nxe8 Nxe8 28. Rd1 Bd5 29. Rd4 Kf8 30. Ra4 Bb7 31. Rb4 Bc6 32. Rb6 Bb5 33. a4 Bd3 34. Bd6+ 1-0

[Event "Early-Titled-Tuesday-Blitz-May-07-2024"]
[Site "Chess.com"]
[Date "2024.05.07"]
[Round "1"]
[White "bancsoo"]
[Black "IMGC"]
[Result "1-0"]
[WhiteElo "2878"]
[BlackElo "2490"]
[TimeControl "180+1"]
[EndTime "8:06:39 PDT"]
[Termination "bancsoo won on time"]

1. Nf3 Nf6 2. g3 g6 3. Bg2 Bg7 4. d4 O-O 5. c4 d6 6. Nc3 Nc6 7. O-O a6 8. b3 Rb8 9. Bg5 b5 10. d5 Na5 11. cxb5 axb5 12. b4 h6 13. Bxf6 Bxf6 14.
Nd4 Bxd4 15. Qxd4 Nc4 16. Nxb5 Rxb5 17. Qxc4 Bd7 18. a4 Rb7 19. b5 Qa8 20. Be4 Qa5 21.
Bc2 Ra8 22. Rae1 Bh3 23. e4 Bxf1 24. Kxf1 f6 25. e5 dxe5 26. Qg4 g5 27. Qe6+ 1-0